Map: Dasan Station LE

Players

LiquidTLO (TLO)

  • Race: Zerg Zerg
  • League: Grandmaster

VincentChung (MaSa) - Winner!

  • Race: Terran Terran
  • League: Master

Event: Polygon Gaming Invitational 4

VOD

Have the link to the VOD?

Description

Time

  • Played on: Aug. 27, 2016, 1:29 p.m.
  • Length: 6:55

All games in this series

Show
View Real Time Build Order
Export as new Build Order

LiquidTLO Zerg 

Build Orders: Hatch First 

Get SALT Encoding   

  12  0:00  Drone  
  13  0:12  Overlord  
  13  0:16  Drone  
  14  0:31  Drone x2  
  14  0:35  Drone  
  17  0:51  Hatchery  
  17  0:54  Drone  
  17  0:59  Drone  
  17  1:02  Extractor  
  17  1:14  Spawning Pool  
  17  1:18  Drone  
  17  1:20  Drone  
  18  1:32  Drone  
  19  1:39  Overlord  
  19  2:00  Zergling x4  
  19  2:01  Queen  
  21  2:03  Queen  
  21  2:07  Zergling x2  
  26  2:09  Metabolic Boost  
  26  2:21  Zergling x2  
  26  2:22  Evolution Chamber, Zergling x2  
  26  2:43  Zergling x2  
  26  2:44  Zergling x6  
  30  2:49  Zergling x2  
  31  3:03  Baneling Nest  
  30  3:09  Zergling x4  
  32  3:15  Zergling x2  
  32  3:16  Zergling x2  
  33  3:27  Zergling x4  
  33  3:31  Zergling x2  
  36  3:36  Zergling x2  
  36  3:45  Overlord  
  31  3:57  Zergling x2  
  31  3:58  Zergling x2  
  31  3:59  Drone  
  29  4:03  Zergling x2  
  29  4:04  Zergling x2  
  29  4:08  Drone  
  29  4:14  Drone  
  29  4:16  Drone  
  31  4:19  Drone  
  32  4:29  Zerg Ground Armor Level 1  
  28  4:32  Zergling x2  
  28  4:34  Zergling x2  
  28  4:37  Zergling x2  
  27  4:44  Zergling x6  
  30  4:47  Drone  
  30  4:49  Drone  
  30  4:50  Drone  
  33  4:55  Drone  
  33  4:56  Drone  
  33  4:59  Drone  
  36  5:00  Drone  
  37  5:09  Zergling x4  
  39  5:22  Hatchery, Zergling x2  
  39  5:27  Zergling x2  
  39  5:30  Zergling x2  
  39  5:34  Zergling x4  
  40  5:35  Zergling x2  
  40  5:36  Zergling x2  
  42  5:48  Zergling x2  
  42  5:49  Zergling x2  
  39  5:53  Zergling x2  
  39  5:57  Zergling x4  
  40  5:59  Zergling x2  
  40  6:02  Zergling x2  
  43  6:08  Overlord  
  43  6:27  Zergling x2  
  33  6:32  Zergling x2  
  33  6:33  Zergling x2  
  33  6:34  Zergling x2  
  33  6:35  Zergling x2  
  33  6:36  Zergling x2  
  33  6:38  Zergling x8  
Show
View Real Time Build Order
Export as new Build Order

VincentChung Terran - Winner!

Build Orders: Reaper Expand 

Get SALT Encoding   

  12  0:01  SCV  
  13  0:13  SCV  
  14  0:18  Supply Depot  
  14  0:25  SCV  
  15  0:39  SCV  
  15  0:40  Barracks  
  16  0:43  Refinery  
  16  0:51  SCV  
  17  1:03  SCV  
  18  1:15  SCV  
  19  1:27  Reaper  
  19  1:28  Orbital Command  
  20  1:41  Command Center  
  20  1:50  Refinery  
  20  1:54  SCV  
  20  2:00  Marine  
  22  2:05  Factory  
  22  2:09  SCV  
  23  2:18  Bunker  
  23  2:21  Barracks Reactor  
  23  2:27  Supply Depot  
  23  2:48  SCV  
  24  2:52  Factory Tech Lab  
  24  2:53  Starport  
  24  2:58  Orbital Command  
  24  3:01  Marine x2  
  24  3:04  SCV  
  27  3:11  Siege Tank  
  30  3:17  SCV  
  30  3:19  Marine x2  
  33  3:24  SCV  
  34  3:29  Medivac  
  36  3:34  SCV  
  36  3:38  Marine x2  
  36  3:39  Bunker  
  36  3:41  SCV  
  39  3:48  Supply Depot  
  38  3:55  Marine  
  38  3:56  Marine  
  38  3:57  SCV  
  38  4:00  Liberator  
  36  4:13  SCV x2, Marine  
  39  4:24  Barracks  
  40  4:25  SCV  
  40  4:27  Barracks  
  40  4:30  Marine  
  40  4:31  Marine  
  40  4:35  SCV  
  37  4:52  Siege Tank  
  40  4:58  SCV  
  41  5:00  Bunker  
  41  5:01  SCV  
  42  5:07  Medivac  
  42  5:08  Marine  
  42  5:10  Marine x2  
  42  5:13  SCV  
  48  5:17  Barracks Tech Lab  
  48  5:18  SCV  
  49  5:25  SCV  
  49  5:27  Marine  
  51  5:28  Marine  
  51  5:30  SCV  
  53  5:37  Marine  
  54  5:42  Marine  
  54  5:43  SCV  
  54  5:45  Marine  
  54  5:46  Marine  
  54  5:48  SCV  
  59  5:55  SCV, Marine  
  60  5:59  Supply Depot  
  60  6:00  Supply Depot  
  60  6:02  SCV  
  61  6:07  SCV  
  61  6:11  Refinery, Engineering Bay  
  62  6:20  Medivac, SCV, Marine x3  
  62  6:21  Siege Tank  
  62  6:22  Marine  
  64  6:33  SCV  
  64  6:36  SCV  
Tags
 
Add a new tag
Caveats
  • Supply blocks, unpowered buildings, or Contaminate may cause inaccurate times.
  • Supply counts are checked every 10 seconds.